 Dungeon Crawl Stone Soup version 0.28-a0-991-g956f0ee3d5 (webtiles) character file.

Game seed: 133596114341322822

424 voltaire321 the Ruffian (level 6, -6/59 HPs)
             Began as a Troll Transmuter on Dec 5, 2021.
             Was a Follower of Wu Jian.
             Mangled by Pikel (11 damage)
             ... on level 5 of the Dungeon.
             The game lasted 00:06:41 (3014 turns).

voltaire321 the Ruffian (Troll Transmuter)          Turns: 3014, Time: 00:06:41

Health: -6/59      AC:  6    Str: 19    XL:     6   Next: 64%
Magic:  8/8        EV:  7    Int:  9    God:    Wu Jian [*.....]
Gold:   177        SH:  6    Dex: 12    Spells: 6/9 levels left

rFire   + . .      SeeInvis .     - Unarmed
rCold   . . .      Faith    .   j - +0 kite shield
rNeg    . . .      Spirit   .   q - +2 robe {rF+}
rPois   .          Reflect  .   (helmet restricted)
rElec   .          Harm     .   (no cloak)
rCorr   .          Rampage  .   (gloves unavailable)
Will    .....                   (boots unavailable)
Stlth   +.........              (no amulet)
HPRegen 0.99/turn               (no ring)
MPRegen 0.11/turn               (no ring)

@: weak-willed
A: large, unfitting armour, claws 3, regeneration 1, shaggy fur 1, tough skin 1
a: Renounce Religion


You were on level 5 of the Dungeon.
You worshipped Wu Jian.
Wu Jian was aware of your devotion.
You visited 1 branch of the dungeon, and saw 5 of its levels.

You collected 177 gold pieces.

Inventory:

Armour
 a - a +0 robe
 j - a +0 kite shield (worn)
 q - a +2 robe of fire resistance (worn)
Jewellery
 n - a ring of ice
Scrolls
 g - 2 scrolls of teleportation
 l - a scroll of blinking {unknown}
 o - a scroll of amnesia {unknown}
 r - a scroll of enchant weapon {unknown}
Potions
 b - 2 potions of attraction {unknown}
 e - 2 potions of flight {unknown}
 h - a potion of invisibility {unknown}
 k - a potion of curing
 m - a potion of magic {unknown}
 p - a potion of cancellation
 s - 2 potions of heal wounds {unknown}


   Skills:
 + Level 2.4 Fighting
 + Level 2.9 Dodging
 + Level 0.5 Shields
 + Level 4.2 Unarmed Combat
 + Level 2.2 Spellcasting
 + Level 2.6 Transmutations


You had 6 spell levels left.
You knew the following spells:

 Your Spells              Type           Power      Damage    Failure   Level
a - Beastly Appendage     Tmut           10%        N/A       56%         1
b - Wereblood             Tmut           5%         N/A       71%         2

Your spell library contained the following spells:

 Spells                   Type           Power      Damage    Failure   Level
 Spider Form              Tmut/Pois      3%         N/A       98%         3
 Ice Form                 Ice/Tmut       3%         N/A       100%        4


Dungeon Overview and Level Annotations

Branches:
Dungeon (5/15)
 Temple: D:4-7

Altars:
Dithmenos
Fedhas
Makhleb
Qazlal
Sif Muna
Uskayaw
Vehumet
Wu Jian
Yredelemnul
The Shining One

Annotations:
D:4 3 runed translucent doors, oldriver's ghost, novice DrCj
D:5 Pikel


Innate Abilities, Weirdness & Mutations

You are too large for most types of armour.
You have claws for hands.
Your natural rate of healing is unusually fast.
You are covered in fur. (AC +1)
You have tough skin. (AC +1)


Message History

Pikel hits you but does no damage.
You claw Pikel! You claw Pikel.
Pikel is heavily wounded.
You hear the slow hiss of a very distant avalanche of sand.
Pikel hits you with a +1 whip of electrocution.
You scratch Pikel but do no damage. Your kick misses Pikel.
You headbutt Pikel, but do no damage.
Pikel is heavily wounded.
You block Pikel's attack.
You closely miss Pikel.
Pikel is heavily wounded.
Pikel says, "You'll feel the lick of my whip!"
Pikel hits you with a +1 whip of electrocution.
You are electrocuted!!
* * * LOW HITPOINT WARNING * * *
Pikel hits you with a +1 whip of electrocution.
* * * LOW HITPOINT WARNING * * *
You closely miss Pikel. Your kick misses Pikel. Your headbutt misses Pikel.
Pikel is heavily wounded.
Your horns disappear.
Your talons disappear.
You block Pikel's attack.
You feel better. Pikel completely misses you.
You claw Pikel!
Pikel is severely wounded.
Pikel hits you with a +1 whip of electrocution.
* * * LOW HITPOINT WARNING * * *
You barely miss Pikel.
Pikel is severely wounded.
Pikel hits you with a +1 whip of electrocution!
* * * LOW HITPOINT WARNING * * *
You feel better. You block Pikel's attack.
You miss Pikel.
Pikel is severely wounded.
Pikel hits you with a +1 whip of electrocution!
* * * LOW HITPOINT WARNING * * *
You claw Pikel!
Pikel is almost dead.
Pikel hits you but does no damage.
Pikel hits you with a +1 whip of electrocution!
You die...

## #
#..5####.#
#..55K@..#
#...######
... .


You could see Pikel (weak-willed) and 3 lemures.

Vanquished Creatures
  Menkaure (D:4)
  Blork the orc (D:4)
  A howler monkey (D:4)
  2 centaur skeletons
  An iguana (D:4)
  Terence (D:3)
  A howler monkey skeleton (D:4)
  3 adders (D:4)
  An ufetubus (D:4)
  A worm (D:2)
  A dart slug (D:4)
  4 bats
  3 endoplasms
  A giant cockroach (D:2)
  9 goblins
  5 hobgoblins (D:1)
  4 jackals (D:4)
  3 quokkas
  2 kobolds
  4 rats
49 creatures vanquished.

Notes
Turn   | Place    | Note
-------+----------+-------------------------------------------
     0 | D:1      | voltaire321 the Troll Transmuter began the quest for the
                  | Orb.
     0 | D:1      | Reached XP level 1. HP: 18/18 MP: 1/1
   231 | D:1      | Reached skill level 1 in Fighting
   257 | D:1      | Reached XP level 2. HP: 27/27 MP: 3/3
  1070 | D:2      | Learned a level 2 spell: Wereblood
  1178 | D:2      | Found a faded altar of an unknown god.
  1885 | D:3      | Found an ornate altar of the Wu Jian Council.
  1899 | D:3      | Became a worshipper of the Wu Jian Council
  1916 | D:3      | Noticed Terence
  1926 | D:3      | Killed Terence
  1927 | D:3      | Reached XP level 3. HP: 16/33 MP: 2/4
  2068 | D:3      | Found a stormy altar of Qazlal.
  2068 | D:3      | Found a blossoming altar of Fedhas.
  2068 | D:3      | Found a hide-covered altar of Uskayaw.
  2068 | D:3      | Found a shimmering blue altar of Sif Muna.
  2069 | D:3      | Found a burning altar of Makhleb.
  2069 | D:3      | Found a glowing golden altar of the Shining One.
  2071 | D:3      | Found a basalt altar of Yredelemnul.
  2071 | D:3      | Found a shadowy altar of Dithmenos.
  2071 | D:3      | Found a radiant altar of Vehumet.
  2399 | D:4      | Noticed Menkaure
  2407 | D:4      | Reached XP level 4. HP: 41/41 MP: 3/5
  2410 | D:4      | Killed Menkaure
  2411 | D:4      | Reached XP level 5. HP: 21/49 MP: 3/6
  2630 | D:4      | Noticed Blork the orc
  2641 | D:4      | Killed Blork the orc
  2642 | D:4      | Reached skill level 4 in Unarmed Combat
  2642 | D:4      | Reached XP level 6. HP: 43/57 MP: 8/8
  2703 | D:4      | Found a runed translucent gate.
  2704 | D:4      | Found a runed translucent gate.
  2705 | D:4      | Noticed oldriver's ghost (novice DrCj)
  2706 | D:4      | Noticed a yak
  2710 | D:4      | Found a runed translucent gate.
  2791 | D:4      | Reached * piety under Wu Jian
  2959 | D:5      | Entered Level 5 of the Dungeon
  2993 | D:5      | Noticed Pikel
  3007 | D:5      | HP: 2/59 [Pikel (3)]
  3014 | D:5      | Mangled by Pikel

Illustrated notes

Levels and vault maps discovered:
D:1:      amcnicky_arrival_blooded_trapdoor, layout_basic
D:2:      layout_basic, shapermc_ecumenical_altar_notcrosses
D:3:      layout_loops_ring, nicolae_overflows_in_rows,
          nzn_wu_jian_contemplation, chequers_mini_garden, nrook_campfire,
          hangedman_decor_push, kennysheep_nub, uniq_terence
D:4:      layout_cave_pools, gammafunk_ghost_split, uniq_menkaure,
          uniq_blork_the_orc
D:5:      nicolae_cairo_tiling_large_dashed, layout_loops_ring,
          nicolae_ossuary_entry_plus, uniq_grinder, uniq_pikel

Skill      XL: |  1  2  3  4  5 |
---------------+----------------+-----
Fighting       | 1 2 |  2.4
Dodging        | 2 |  2.9
Transmutations | 2 |  2.6
Spellcasting   | 2 |  2.2
Unarmed Combat | 4 |  4.2
Shields        | |  0.5

Action                   |  1- 3 |  4- 6 || total
-------------------------+-------+-------++-------
Melee: Unarmed           |    63 |    98 ||   161
       Kick              |     5 |    10 ||    15
       Headbutt          |     2 |     8 ||    10
 Cast: Beastly Appendage |     3 |     7 ||    10
Invok: Lunge             |     2 |     5 ||     7
  Use: Scroll            |       |     6 ||     6
       Potion            |       |     2 ||     2
Armor: Robe              |    24 |    34 ||    58
Dodge: Dodged            |    27 |    38 ||    65
Block: Kite shield       |       |    16 ||    16

Table legend: (Time is in decaauts)
 A = Elapsed time spent in this place.
 B = Non-inter-level travel time spent in this place.
 C = Inter-level travel time spent in this place.
 D = Time resting spent in this place.
 E = Time spent auto-exploring this place.
 F = Levels seen in this place.
 G = Mean time per level.
                   A        B        C        D        E       F      G
               +--------+--------+--------+--------+--------+-----+--------+
         Total |   3017 |   2887 |    130 |     52 |   2231 |   5 |  603.4 |
       Dungeon |   3017 |   2887 |    130 |     52 |   2231 |   5 |  603.4 |
               +--------+--------+--------+--------+--------+-----+--------+

Top non-repeatable levels by time:
     D:1: 1008 daAuts
     D:3: 862 daAuts
     D:4: 583 daAuts
     D:2: 524 daAuts
     D:5: 38 daAuts
